 Dungeon Crawl Stone Soup version 0.31-a0-986-g5e6e4ef867 (webtiles) character file.

Game seed: 9015178987732174003

425 mandarbmax the Cudgeller (level 7, -3/52 HPs)
             Began as a Human Delver on Nov 13, 2023.
             Engulfed by a cloud of flame (20 damage)
             ... on level 3 of the Dungeon.
             The game lasted 00:07:23 (3213 turns).

mandarbmax the Cudgeller (Human Delver)             Turns: 3213, Time: 00:07:24

Health: -3/52      AC:  6    Str: 18    XL:     7   Next: 18%
Magic:  7/7        EV: 10    Int:  9    God:
Gold:   137        SH:  0    Dex: 14    Spells: 6/6 levels left

rFire   . . .        l - +2 mace (venom)
rCold   . . .        (no shield)
rNeg    . . .        p - +0 scale mail
rPois   .            (no helmet)
rElec   .            (no cloak)
rCorr   .            (no gloves)
SInv    .            (no boots)
Will    .....        (no amulet)
Stlth   ++           (no ring)
HPRegen 0.28/turn    (no ring)
MPRegen 0.10/turn

%: no passive effects
@: no status effects
A: strong 1
a: no special abilities


You were on level 3 of the Dungeon.
You visited 1 branch of the dungeon, and saw 5 of its levels.
You also visited: Ossuary.

You collected 137 gold pieces.

Inventory:

Hand Weapons
 l - a +2 mace of venom (weapon)
Missiles
 k - 7 boomerangs (quivered)
Armour
 p - a +0 scale mail (worn)
Wands
 g - a wand of digging (3)
Scrolls
 b - 3 scrolls of amnesia {unknown}
 c - 2 scrolls of fog
 d - a scroll of revelation
 e - 2 scrolls of fear
 h - 2 scrolls of poison {unknown}
 i - a scroll of noise {unknown}
 m - a scroll of enchant armour {unknown}
 o - 10 scrolls of identify {unknown}
 q - a scroll of blinking {unknown}
 r - a scroll of acquirement {unknown}
 u - a scroll of teleportation {unknown}
 v - a scroll of torment {unknown}
 x - a scroll of enchant weapon {unknown}
Potions
 a - 5 potions of curing {unknown}
 f - a potion of mutation
 j - a potion of invisibility {unknown}
 n - a potion of haste
 s - a potion of berserk rage {unknown}
 t - 2 potions of lignification
 w - a potion of enlightenment {unknown}
 z - 2 potions of resistance


   Skills:
 + Level 3.5 Fighting
 - Level 6.0 Maces & Flails
 + Level 2.5 Throwing
 + Level 1.6 Armour
 - Level 2.0 Dodging
 - Level 5.0 Stealth


You had 6 spell levels left.
You didn't know any spells.
Your spell library contained the following spells:

 Spells                   Type           Power      Damage    Failure   Level
 Ensorcelled Hibernation  Hex/Ice        0%         N/A       89%         2
 Passwall                 Tmut/Erth      0%         N/A       89%         2
 Dazzling Flash           Conj/Hex       0%         N/A       98%         3
 Ignite Poison            Fire/Tmut/Pois 0%         N/A       98%         3
 Swiftness                Air            0%         N/A       98%         3
 Volatile Blastmotes      Fire/Tloc      0%         2d10      98%         3
 Sticky Flame             Conj/Fire      0%         2d3       100%        4
 Starburst                Conj/Fire      0%         6d3       100%        6
 Ignition                 Fire           0%         3d3       100%        8
 Maxwell's Capacitive Co  Air            0%         ∞         100%        8


Dungeon Overview and Level Annotations

Branches:
Dungeon (5/15)            Ossuary (visited)
 Temple: D:4-7

Altars:

Annotations:
D:3 2 transporters, DocClef's ghost, amateur TrSh


Innate Abilities, Weirdness & Mutations

Your muscles are strong. (Str +4, Int/Dex -1)


Message History

You closely miss the adder. The adder bites you.
You are poisoned.
The adder poisons you!
You barely miss the adder.
You feel sick. The adder closely misses you.
You sock the adder!
You kill the adder!
You feel sick.
No target in view!
No target in view!
No target in view!
No target in view!
No target in view!
No target in view!
No target in view!
No target in view!
No target in view!
You feel sick.
You feel sick.
You are no longer poisoned.
HP restored.
Things that are here:
a +0 club; a goblin skeleton
There is an open door here.
There is an open door here.
There is an open door here.
There is an open door here.
You see here a +1 hand axe of venom.
The ogre shouts!
The ball python hisses angrily.
The ball python hisses angrily.
DocClef's ghost turns its malevolent gaze towards you.
Key pressed, stopping explore.
You see here a +1 hand axe of venom.
Key pressed, stopping explore.
Partly explored, unvisited transporter and can't reach some items and places.
Partly explored, unvisited transporter and can't reach some items and places.
Okay, then.
You are engulfed in blazing flames.
You are engulfed in blazing flames.
You are engulfed in blazing flames.
You die...

#.# #.###.##.# #.##.....#
#+####.# #.##.## #.#####..#
...##..# ###...# #.#####..# #
....#..# #..§# #........# ##
.......# #§☼☼# #####.##.###.
.......# #°..# ####......##..
.......#####...#####..........+..
........○§....$.☼°§.#.#....####..
........°☼...$$.@☼§...#.#.## ##.
....#...§.§.$...☼○§.###.### ##
...#########...###### #.# # #'##
#°§.# #.# ### #)# #§☼.# #.# #..
#.#### #§.○# #.# #.# .....#
####...# #.# #.# ...#.####.##..#
#.# #.# .....##......##
#.#######.#


There were no monsters in sight!

Vanquished Creatures
  A wraith (Ossuary)
  A phantom (D:4)
  A hound (D:4)
  A mummy (Ossuary)
  6 adders
  3 worms (D:2)
  3 dart slugs
  3 orcs
  5 ball pythons
  2 bats (D:2)
  5 endoplasms
  5 giant cockroaches
  6 goblins
  5 hobgoblins
  10 kobolds
  3 quokkas
  4 frilled lizards
  4 gnoll skeletons (Ossuary)
  7 kobold skeletons (Ossuary)
  14 orc skeletons (Ossuary)
  6 rats
95 creatures vanquished.

Notes
Turn   | Place    | Note
-------+----------+-------------------------------------------
     0 | D:5      | mandarbmax the Human Delver began the quest for the Orb.
     0 | D:5      | Reached XP level 1. HP: 18/18 MP: 1/1
    79 | D:5      | Noticed a hound
   216 | D:4      | Found a sand-covered staircase.
   280 | Ossuary  | Entered an ossuary
   280 | Ossuary  | Noticed a wraith
   280 | Ossuary  | Noticed a wraith
   280 | Ossuary  | Noticed a wraith
   321 | Ossuary  | Reached XP level 2. HP: 19/24 MP: 2/2
   370 | Ossuary  | Reached skill level 3 in Maces & Flails
   370 | Ossuary  | Reached XP level 3. HP: 29/29 MP: 3/3
   406 | Ossuary  | Noticed a wraith
   454 | Ossuary  | Killed a wraith
   455 | Ossuary  | Reached skill level 5 in Maces & Flails
   455 | Ossuary  | Reached XP level 4. HP: 33/35 MP: 4/4
   455 | Ossuary  | Reached XP level 5. HP: 39/41 MP: 5/5
   679 | D:4      | Noticed a phantom
   706 | D:4      | Killed a phantom
   707 | D:4      | Reached skill level 6 in Maces & Flails
   707 | D:4      | Reached skill level 1 in Throwing
   707 | D:4      | Reached XP level 6. HP: 15/47 MP: 6/6
   801 | D:4      | Gained mutation: Your muscles are strong. (Str +4, Int/Dex
                  | -1) [potion of mutation]
  1066 | D:3      | Noticed an ogre
  1080 | D:3      | Noticed DocClef's ghost (amateur TrSh)
  1083 | D:3      | Found a transporter.
  1086 | D:3      | Found a transporter.
  1226 | D:3      | Reached skill level 1 in Armour
  2067 | D:1      | Reached XP level 7. HP: 52/52 MP: 7/7
  3213 | D:3      | Engulfed by a cloud of flame

Illustrated notes

Levels and vault maps discovered:
D:1:      dpeg_arrival_short_road, layout_rooms
D:2:      layout_rooms, minmay_misc_feat_room
D:3:      layout_loops_corners, gammafunk_ghost_arena, nrook_mini_vaults,
          lemuel_flame_loot_1
D:4:      layout_loops_ring, minmay_temple_entry_fiery,
          lightli_ossuary_entry_decrepit_ruins, uniq_crazy_yiuf_cottage
D:5:      layout_layer_cave, uniq_eustachio, uniq_prince_ribbit1, uniq_sigmund

Skill      XL: |  1  2  3  4  5  6 |
---------------+-------------------+-----
Maces & Flails | 3 5 6 |  6.0
Throwing       | 1 2 |  2.5
Armour         | 1 |  1.6
Fighting       | |  3.5
Dodging        | |  2.0
Stealth        | |  5.0

Action                     |  1- 3 |  4- 6 |  7- 9 || total
---------------------------+-------+-------+-------++-------
  Melee: Mace              |    65 |   134 |    80 ||   279
         Punch             |     1 |       |       ||     1
  Throw: Boomerang         |       |     7 |       ||     7
  Evoke: Wand              |    14 |       |       ||    14
    Use: Potion            |     4 |     3 |       ||     7
   Stab: Sleeping          |       |     5 |       ||     5
 Armour: Leather armour    |    33 |    69 |       ||   102
         Skin              |    29 |    20 |       ||    49
         Scale mail        |       |    11 |    51 ||    62
  Dodge: Dodged            |    41 |    65 |    46 ||   152

Table legend: (Time is in decaauts)
 A = Elapsed time spent in this place.
 B = Non-inter-level travel time spent in this place.
 C = Inter-level travel time spent in this place.
 D = Time resting spent in this place.
 E = Time spent auto-exploring this place.
 F = Levels seen in this place.
 G = Mean time per level.
                   A        B        C        D        E       F      G
               +--------+--------+--------+--------+--------+-----+--------+
         Total |   3254 |   3191 |     63 |    123 |   2167 |   6 |  542.3 |
       Dungeon |   2875 |   2812 |     63 |     82 |   2063 |   5 |  575.0 |
       Ossuary |    378 |    378 |      0 |     41 |    104 |   1 |  378.0 |
               +--------+--------+--------+--------+--------+-----+--------+

Top non-repeatable levels by time:
     D:3: 1152 daAuts
     D:2: 612 daAuts
     D:4: 548 daAuts
     D:1: 435 daAuts
 Ossuary: 378 daAuts
     D:5: 126 daAuts
